 Dungeon Crawl Stone Soup version 0.28.0-47-ge53b351184 (webtiles) character file.

Game seed: 3392612626969413146

2031 RatsInWalls the Destroyer (level 9, -1/93 HPs)
             Began as an Ogre Conjurer on May 10, 2022.
             Was a Follower of Sif Muna.
             Killed from afar by Erica (12 damage)
             ... with a bolt of poison
             ... on level 8 of the Dungeon.
             The game lasted 00:18:12 (9405 turns).

RatsInWalls the Destroyer (Ogre Conjurer)           Turns: 9405, Time: 00:18:14

Health: -1/93      AC:  7    Str: 13    XL:     9   Next: 23%
Magic:  9/19       EV:  9    Int: 29    God:    Sif Muna [*.....]
Gold:   323        SH:  0    Dex:  7    Spells: 15/21 levels left

rFire   . . .      SeeInvis .   f - +2 dagger (venom)
rCold   . . .      Faith    .   (no shield)
rNeg    . . .      Spirit   .   a - +0 robe
rPois   .          Reflect  .   (helmet restricted)
rElec   .          Harm     .   (no cloak)
rCorr   .          Rampage  .   (gloves unavailable)
Will    .....                   (boots unavailable)
Stlth   +.........              (no amulet)
HPRegen 0.25/turn               w - +6 ring of intelligence
MPRegen 0.16/turn               A - +4 ring of protection

@: lethally poisoned (-1 -> -11), slowed, very slow
A: large, unfitting armour, tough skin 1
a: Renounce Religion, Channel Magic


You were on level 8 of the Dungeon.
You worshipped Sif Muna.
Sif Muna was aware of your devotion.
You visited 2 branches of the dungeon, and saw 9 of its levels.

You collected 323 gold pieces.

Inventory:

Hand Weapons
 d - a +2 hand axe of flaming
 f - a +2 dagger of venom (weapon)
Missiles
 r - 11 poisoned darts
Armour
 a - a +0 robe (worn)
Magical Staves
 g - a staff of cold
 q - a staff of fire
Jewellery
 w - a +6 ring of intelligence (left hand)
 A - a +4 ring of protection (right hand)
Wands
 t - a wand of iceblast (6)
 v - a wand of digging (4)
Scrolls
 e - 3 scrolls of immolation
 h - 4 scrolls of magic mapping
 i - 2 scrolls of identify
 j - 2 scrolls of fear
 k - 6 scrolls of teleportation
 l - a scroll of amnesia {unknown}
 m - a scroll of noise {unknown}
 u - a scroll of enchant armour {unknown}
 y - a scroll of enchant weapon {unknown}
 C - a scroll of blinking {unknown}
Potions
 b - 3 potions of brilliance
 c - 2 potions of curing
 o - a potion of lignification
 s - a potion of cancellation
 x - a potion of attraction {unknown}
 z - a potion of resistance {unknown}
 B - a potion of berserk rage {unknown}


   Skills:
 + Level 7.4 Fighting
 - Level 1.7 Dodging
 - Level 1.4 Stealth
 + Level 6.7 Spellcasting
 * Level 8.3 Conjurations
 + Level 2.3 Summonings


You had 15 spell levels left.
You knew the following spells:

 Your Spells              Type           Power      Damage    Failure   Level
a - Magic Dart            Conj           100%       1d8       1%          1
b - Searing Ray           Conj           100%       2d8       1%          2
c - Summon Guardian Gole  Hex/Summ       16%        N/A       10%         3

Your spell library contained the following spells:

 Spells                   Type           Power      Damage    Failure   Level
 Dazzling Flash           Conj/Hex       66%        N/A       2%          3
 Beastly Appendage        Tmut           18%        N/A       5%          1
 Wereblood                Tmut           9%         N/A       8%          2
 Fulminant Prism          Conj/Hex       16%        3d11      10%         4
 Iskenderun's Mystic Bla  Conj/Tloc      33%        2d8       10%         4
 Spider Form              Tmut/Pois      9%         N/A       16%         3
 Agony                    Necr           9%         N/A       82%         5
 Silence                  Hex/Air        4%         N/A       82%         5
 Orb of Destruction       Conj           27%        9d9       83%         7
 Spellforged Servitor     Conj/Summ      20%        N/A       99%         7


Dungeon Overview and Level Annotations

Branches:
Dungeon (8/15)             Temple (1/1) D:6
   Lair: D:8-11

Altars:
Cheibriados
Dithmenos
Elyvilon
Gozag
Hepliaklqana
Okawaru
Qazlal
Ru
Sif Muna
Trog

Shops:
D:2 :   D:5 :

Annotations:
D:8 Erica


Innate Abilities, Weirdness & Mutations

You are too large for most types of armour.
You have tough skin. (AC +1)


Message History

* * * LOW HITPOINT WARNING * * *
Something burns you.
* * * LOW HITPOINT WARNING * * *
You feel much better. Something completely misses you.
Casting: Searing Ray (safe; 1% risk of failure)
Confirm with . or Enter, or press ? or * to list all spells.
A guardian golem appears, shielding your allies.
Something hits you. Something burns you.
You swap places.
You hear some strange, mumbled words.
A bolt of poison appears from out of thin air!
The bolt of poison hits you!!
You are poisoned.
* * * LOW HITPOINT WARNING * * *
You feel better.
You hear some strange, mumbled words.
You feel yourself slow down. Something hits your guardian golem!
Something burns your guardian golem.
Things that are here:
a +0 club; a +0 plate armour; an orc corpse You hear some strange, mumbled words.
A lance of force appears from out of thin air!
The lance of force hits your guardian golem.
Your guardian golem is knocked back by the lance of force.
Your guardian golem collides with you!
* * * LOW HITPOINT WARNING * * *
Your guardian golem is severely damaged.
You hear some strange, mumbled words.
A lance of force appears from out of thin air!
The lance of force hits your guardian golem.
Your guardian golem is knocked back by the lance of force.
Your guardian golem collides with you!
* * * LOW HITPOINT WARNING * * *
Your guardian golem is destroyed!
Your guardian golem disappears in a puff of smoke!
You hear some strange, mumbled words.
A bolt of poison appears from out of thin air!
The bolt of poison hits you!
You are poisoned.
You die...

#)# ##'## ##...##
##.....## ###
##....{..## ##.##
####......<..####.(.##
...'(....)...'.......#
###.....ยง...####...##
##....@..## ##.##
##)....## ### ##...##
#######'## #........#
#.#####..# #.# ##..#
#.#####.####...##
#.....<[[.......#


There were no monsters in sight!

Vanquished Creatures
  A wyvern (D:7)
  2 orc warriors
  2 necrophages
  3 ogres
  A centaur (D:7)
  A kobold brigand (D:7)
  A wyvern zombie (D:8)
  A water moccasin skeleton (D:7)
  An electric eel (D:6)
  3 wights (D:6)
  A centaur zombie (D:7)
  A hound (D:4)
  2 centaur skeletons
  A gnoll shaman (D:6)
  A bullfrog skeleton (D:5)
  A jelly (D:4)
  3 orc priests
  4 iguanas
  5 orc wizards
  2 howler monkey skeletons
  4 gnolls (D:6)
  7 adders
  2 white imps (D:6)
  An ufetubus (D:5)
  4 worms
  9 dart slugs
  43 orcs
  9 ball pythons
  4 bats
  7 endoplasms
  5 giant cockroaches
  4 goblins
  10 hobgoblins
  3 jackals (D:5)
  A quokka (D:5)
  2 frilled lizards (D:2)
  11 kobolds
  9 rats
172 creatures vanquished.

Vanquished Creatures (others)
  4 toadstools (D:1)
4 creatures vanquished.

Grand Total: 176 creatures vanquished

Notes
Turn   | Place    | Note
-------+----------+-------------------------------------------
     0 | D:1      | RatsInWalls the Ogre Conjurer began the quest for the Orb.
     0 | D:1      | Reached XP level 1. HP: 16/16 MP: 3/3
   216 | D:1      | Reached XP level 2. HP: 24/26 MP: 0/5
   311 | D:1      | Reached skill level 1 in Fighting
   888 | D:1      | Learned a level 2 spell: Searing Ray
  1139 | D:2      | Reached XP level 3. HP: 35/35 MP: 5/7
  1170 | D:2      | Found a faded altar of an unknown god.
  1322 | D:2      | Reached skill level 4 in Conjurations
  1464 | D:2      | Reached XP level 4. HP: 42/42 MP: 5/8
  1502 | D:2      | Found Xogis's Book Emporium.
  2307 | D:3      | Found a stormy altar of Qazlal.
  2622 | D:3      | Reached XP level 5. HP: 52/52 MP: 6/10
  3290 | D:4      | Reached skill level 5 in Conjurations
  3436 | D:4      | Noticed a necrophage
  3444 | D:4      | Killed a necrophage
  3445 | D:4      | Reached XP level 6. HP: 47/62 MP: 1/12
  3560 | D:4      | Found a white marble altar of Elyvilon.
  4375 | D:5      | Entered Level 5 of the Dungeon
  4481 | D:5      | Reached XP level 7. HP: 71/71 MP: 9/13
  4784 | D:5      | Found Inemuu's Book Emporium.
  5154 | D:5      | Reached skill level 6 in Conjurations
  5277 | D:5      | Reached skill level 5 in Fighting
  5277 | D:5      | Reached skill level 5 in Spellcasting
  6225 | D:6      | Reached XP level 8. HP: 55/79 MP: 14/16
  6835 | D:6      | Found a staircase to the Ecumenical Temple.
  6911 | Temple   | Entered the Ecumenical Temple
  6973 | Temple   | Became a worshipper of Sif Muna the Loreminder
  7367 | D:6      | Reached skill level 7 in Conjurations
  7964 | D:7      | Learned a level 3 spell: Summon Guardian Golem
  8129 | D:7      | Reached skill level 1 in Summonings
  8294 | D:7      | Reached * piety under Sif Muna
  8642 | D:7      | Reached XP level 9. HP: 91/93 MP: 18/18
  8927 | D:7      | Reached skill level 8 in Conjurations
  9384 | D:8      | Noticed Erica
  9405 | D:8      | Killed from afar by Erica

Illustrated notes

Levels and vault maps discovered:
D:1:      ldierk_water_garden, layout_basic
D:2:      minmay_general_purpose_star, layout_rooms,
          hellmonk_ecumenical_altar_crossroads, serial_shops,
          nicolae_square_shop
D:3:      layout_basic, mainiacjoe_overflow_tiny_flanked, kennysheep_doodads
D:4:      layout_loops_ring, elyvilon_altar_4
D:5:      layout_loops_corners, serial_shops, nicolae_shop_stone,
          hangedman_decor_slide_cut, chequers_arboretum
D:6:      kennysheep_slugbush, layout_loops_ring,
          minmay_temple_entry_water_ring, minmay_fountain_box
D:7:      layout_loops_ring, chequers_serial_rivers_micro_d
D:8:      layout_loops_corners, nicolae_benzene_ring, uniq_maggie, uniq_pikel,
          uniq_grum, uniq_prince_ribbit1, uniq_erica
Temple:   mainiacjoe_temple_cubbyholes

Skill      XL: |  1  2  3  4  5  6  7  8  9 |
---------------+----------------------------+-----
Fighting       | 1 2 3 4 5 7 |  7.4
Spellcasting   | 3 4 5 6 |  6.7
Conjurations   | 4 5 6 7 8 |  8.3
Summonings     | 1 2 |  2.3
Dodging        | |  1.7
Stealth        | |  1.4

Action                   |  1- 3 |  4- 6 |  7- 9 || total
-------------------------+-------+-------+-------++-------
Melee: Unarmed           |     3 |       |       ||     3
       Dagger            |     4 |    82 |    88 ||   174
       Punch             |       |     1 |     2 ||     3
 Cast: Magic Dart        |    49 |    76 |    74 ||   199
       Searing Ray       |     1 |    15 |    34 ||    50
       Summon Guardian G |       |       |     3 ||     3
  Use: Scroll            |       |       |    10 ||    10
       Potion            |       |       |     2 ||     2
 Stab: Sleeping          |       |     1 |       ||     1
Armor: Robe              |     9 |    20 |    49 ||    78
Dodge: Dodged            |     9 |    45 |    72 ||   126
